cohdb
Replays
Latest Replays
All Replays
Popular Replays
Top Player Replays
Match Explorer
How It Works
Community
CoH3 Stats
Reddit
Sign in to upload your games and track your stats! →
Sign in with Steam
Match 37310833
Unlisted
Match 37310833
Overview
Messages
Build Orders
End
Construct Section Command Post
Infantry Section
Infantry Section
ML 3-inch Mortar Team
Infantry Section
Construct Platoon Command Post
Humber Armored Car
Selects Indian Artillery Battlegroup
Construct Field Infirmary
Infantry Training
6-pounder Anti-tank Gun Team
Selects Valour
Selects Gurkha Rifles Section
6-pounder Anti-tank Gun Team
Grenade Package
Construct Company Command Post
Unlock M3 Grant Medium Tanks
Selects Volunteer Infantry
Selects Artillery Saturation
M3 Grant Medium Tank
DibbeTC
chiuchiu63333
DarlingComeHere
Science Fiction
0
0
Comments
sign in to comment!
No comments posted yet!